 Dungeon Crawl Stone Soup version 0.27-a0-203-gd48b2df3c9 (webtiles) character file.

Game seed: 6867536680470384078

21 schets the Chucker (level 2, -2/28 HPs)
             Began as a Troll Hunter on Jan 31, 2021.
             Slain by a goblin
             ... wielding a +0 dagger of electrocution
              (12 damage)
             ... on level 1 of the Dungeon.
             The game lasted 00:01:31 (602 turns).

schets the Chucker (Troll Hunter)                    Turns: 602, Time: 00:01:32

Health: -2/28      AC:  6    Str: 15    XL:     2   Next: 62%
Magic:  1/1        EV: 10    Int:  7    God:
Gold:   44         SH:  0    Dex: 10    Spells: 1/1 levels left

rFire    . . .     SeeInvis .     - Unarmed
rCold    . . .     Faith    .   (no shield)
rNeg     . . .     Spirit   .   b - +0 robe
rPois    .         Reflect  .   (helmet restricted)
rElec    .         Harm     .   (no cloak)
rCorr    .         Rampage  .   (gloves unavailable)
Will     .....                  (boots unavailable)
Stlth    +.........             (no amulet)
HPRegen  0.49/turn              e - -4 ring of strength (curse)
MPRegen  0.07/turn              (no ring)

@: no status effects
A: large, unfitting armour, claws 3, regeneration 1, shaggy fur 1, tough skin 3
a: no special abilities


You were on level 1 of the Dungeon.
You visited 1 branch of the dungeon, and saw 1 of its levels.

You collected 44 gold pieces.

Inventory:

Missiles
 c - 5 large rocks (quivered)
 d - 2 throwing nets
Armour
 b - a +0 robe (worn)
Jewellery
 e - a cursed -4 ring of strength (left claw)
Scrolls
 a - 2 scrolls of teleportation {unknown}
 f - a scroll of remove curse {unknown}
 g - 2 scrolls of identify {unknown}
 h - a scroll of fear {unknown}
 j - a scroll of amnesia {unknown}
Potions
 i - a potion of mutation {unknown}


   Skills:
 + Level 2.0 Fighting
 + Level 3.8 Throwing
 - Level 1.5 Dodging
 - Level 0.3 Stealth
 + Level 1.2 Unarmed Combat


You had one spell level left.
You didn't know any spells.
Your spell library was empty.

Dungeon Overview and Level Annotations

Branches:
Dungeon (1/15)

Altars:


Innate Abilities, Weirdness & Mutations

You are too large for most types of armour.
You have claws for hands.
Your natural rate of healing is unusually fast.
You are covered in fur. (AC +1)
You have extremely tough skin. (AC +3)


Message History

You drop a buckler.
The goblin shouts!
A goblin is nearby!
A goblin is nearby!
A leopard gecko comes into view.
The leopard gecko hisses angrily.
The goblin hits you but does no damage.
You are electrocuted!!
Ouch! That really hurt!
You are too injured to fight recklessly!
You are too injured to fight recklessly!
You are too injured to fight recklessly!
You are too injured to fight recklessly!
Unknown command.
You are too injured to fight recklessly!
Unknown command.
Unknown command.
Unknown command.
You barely miss the goblin. The goblin hits you but does no damage.
You are electrocuted!
You die...

#.###.###.#####
#.#..........#
##.#...##...#.# .
#...#..##).#..#
.#.#...#.)..#...#
.......#[.#.....#
##..##..##..##..#
##.##..# ..# ..#
#..g@.#..#... .#
#....#..l.#... #
#.....)#..##..#.).
#.###.# ..# ...#..
. ## ... ... ##..
## .## #


You could see a leopard gecko and a goblin.

Vanquished Creatures
  2 dart slugs (D:1)
  2 bats (D:1)
  A giant cockroach (D:1)
  2 goblins (D:1)
  3 hobgoblins (D:1)
  2 kobolds (D:1)
  2 frilled lizards (D:1)
  2 rats (D:1)
16 creatures vanquished.

Notes
Turn   | Place    | Note
-------+----------+-------------------------------------------
     0 | D:1      | schets the Troll Hunter began the quest for the Orb.
     0 | D:1      | Reached XP level 1. HP: 19/19 MP: 0/0
   310 | D:1      | Reached XP level 2. HP: 28/28 MP: 1/1
   383 | D:1      | Reached skill level 1 in Unarmed Combat
   602 | D:1      | Slain by a goblin

Illustrated notes

Levels and vault maps discovered:
D:1:      grunt_arrival_crossed_arrows, layout_loops_corners, minivault_26

Skill      XL: |  1  2 |
---------------+-------+-----
Unarmed Combat | 1 |  1.2
Fighting       | 2 |  2.0
Throwing       | |  3.8
Dodging        | |  1.5
Stealth        | |  0.3

Action                   || total
-------------------------++-------
Melee: Unarmed           ||    32
Armor: Robe              ||    10
Dodge: Dodged            ||    15

Table legend: (Time is in decaauts)
 A = Elapsed time spent in this place.
 B = Non-inter-level travel time spent in this place.
 C = Inter-level travel time spent in this place.
 D = Time resting spent in this place.
 E = Time spent auto-exploring this place.
 F = Levels seen in this place.
 G = Mean time per level.
                   A        B        C        D        E       F      G
               +--------+--------+--------+--------+--------+-----+--------+
         Total |    601 |    601 |      0 |    102 |    392 |   1 |  601.0 |
       Dungeon |    601 |    601 |      0 |    102 |    392 |   1 |  601.0 |
               +--------+--------+--------+--------+--------+-----+--------+

Top non-repeatable levels by time:
     D:1: 601 daAuts
